Map: 이페머론 - 래더

Players

Zest - Winner!

  • Race: Protoss Protoss
  • Spawn Location: 11:00

Armani

  • Race: Zerg Zerg
  • Spawn Location: 5:00

Event: IEM Katowice 2020

VOD

https://www.youtube.com/watch?v=5_o2e9RjQeU

Description

Time

  • Played on: Feb. 27, 2020, 1:54 p.m.
  • Length: 9:38

All games in this series

Show
View Real Time Build Order
Export as new Build Order

Zest Protoss - Winner!

Build Orders: 1 Gate Expand, Archon Immortal, Archon Drop, Dark Templar Rush 

Get SALT Encoding   

  12  0:00  Probe  
  13  0:14  Pylon  
  13  0:17  Probe (Chrono Boost)  
  14  0:27  Probe (Chrono Boost)  
  15  0:32  Probe (Chrono Boost)  
  16  0:39  Gateway  
  16  0:43  Probe  
  16  0:49  Assimilator  
  17  0:55  Probe  
  18  1:00  Pylon  
  18  1:08  Probe  
  19  1:20  Probe  
  20  1:29  Cybernetics Core  
  20  1:41  Nexus  
  20  1:44  Probe  
  21  1:51  Pylon  
  21  1:57  Probe  
  21  1:59  Assimilator  
  22  2:04  Adept (Chrono Boost)  
  24  2:09  Probe  
  24  2:12  Warp Gate  
  25  2:22  Probe (Chrono Boost)  
  26  2:26  Adept  
  28  2:34  Probe (Chrono Boost)  
  28  2:35  Twilight Council  
  29  2:42  Probe (Chrono Boost)  
  31  2:51  Probe (Chrono Boost)  
  31  2:54  Probe (Chrono Boost)  
  31  2:56  Stalker  
  34  3:03  Probe (Chrono Boost)  
  34  3:04  Probe (Chrono Boost)  
  34  3:20  Robotics Facility  
  34  3:29  Gateway  
  34  3:31  Gateway  
  34  3:35  Gateway  
  34  3:38  Dark Shrine  
  34  3:40  Probe x2  
  36  3:45  Pylon  
  36  3:52  Probe x2, Pylon  
  36  3:54  Assimilator  
  38  3:58  Assimilator  
  38  4:04  Probe x2  
  38  4:05  Warp Prism (Chrono Boost)  
  42  4:14  Pylon  
  42  4:17  Probe x2 (Chrono Boost)  
  44  4:29  Probe (Chrono Boost)  
  46  4:35  Probe (Chrono Boost)  
  46  4:37  Probe (Chrono Boost)  
  47  4:41  Probe (Chrono Boost)  
  47  4:43  Probe  
  49  4:53  Probe, Dark Templar x4  
  49  4:55  Probe  
  59  5:07  Probe, Nexus  
  59  5:14  Probe (Chrono Boost)  
  59  5:20  Probe (Chrono Boost)  
  60  5:24  Pylon  
  60  5:26  Probe (Chrono Boost), Shield Battery  
  61  5:31  Probe (Chrono Boost)  
  61  5:35  Probe (Chrono Boost)  
  63  5:36  Immortal  
  63  5:37  Probe (Chrono Boost)  
  63  5:41  Probe  
  69  5:54  Probe x2  
  69  5:55  Forge  
  69  5:56  Blink  
  71  6:00  Archon  
  71  6:02  Dark Templar x2  
  75  6:05  Archon  
  75  6:06  Sentry  
  77  6:18  Immortal (Chrono Boost)  
  79  6:38  Protoss Ground Weapons Level 1  
  79  6:42  Probe x2 (Chrono Boost)  
  81  6:49  Pylon  
  81  6:52  Immortal (Chrono Boost)  
  81  6:53  Probe (Chrono Boost)  
  81  6:54  Probe x2 (Chrono Boost), Photon Cannon, Stalker x2  
  90  6:59  Assimilator  
  93  7:01  Assimilator  
  93  7:02  Probe (Chrono Boost), Photon Cannon  
  93  7:06  Probe x2  
  95  7:12  Probe  
  95  7:14  Gateway  
  96  7:16  Gateway, Templar Archives  
  96  7:17  Gateway x2  
  96  7:19  Probe  
  96  7:20  Gateway  
  96  7:21  Probe  
  96  7:22  Pylon  
  98  7:29  Psionic Storm, Observer  
  99  7:31  Pylon  
  99  7:32  Pylon  
  99  7:33  Probe x2, Pylon  
  101  7:40  Probe  
  102  7:45  Pylon  
  102  7:49  Photon Cannon  
  102  7:50  Photon Cannon  
  102  7:51  Shield Battery  
  102  7:53  Shield Battery  
  102  7:54  High Templar x4  
  110  8:02  Immortal  
  114  8:12  Pylon  
  114  8:13  Pylon  
  114  8:15  Pylon  
  114  8:16  Pylon  
  114  8:20  Stalker  
  114  8:21  Stalker x3  
  122  8:28  Stalker x2  
  122  8:30  Observer  
  126  8:35  Pylon  
  126  8:38  Stalker x2  
  126  8:39  Stalker  
  132  8:41  Observer  
  133  8:56  Stalker x5  
  141  9:18  Stalker x4  
  141  9:21  Archon  
  141  9:22  Archon  
  147  9:26  Stalker x4  
  145  9:36  Nexus  
Show
View Real Time Build Order
Export as new Build Order

Armani Zerg 

Build Orders: Pool First, Lurkers 

Get SALT Encoding   

  12  0:01  Drone  
  13  0:13  Overlord  
  13  0:17  Drone  
  14  0:31  Drone x2  
  16  0:42  Drone  
  17  0:48  Extractor, Spawning Pool  
  15  0:50  Drone  
  16  0:57  Drone  
  17  1:13  Drone  
  18  1:31  Hatchery  
  17  1:35  Queen  
  17  1:36  Zergling x2  
  17  1:39  Zergling x2  
  21  1:49  Metabolic Boost  
  21  1:55  Overlord  
  21  2:06  Drone  
  22  2:13  Queen  
  22  2:14  Drone  
  22  2:15  Drone  
  26  2:22  Drone  
  27  2:32  Drone  
  28  2:42  Hatchery  
  27  2:47  Drone x2  
  29  2:56  Queen  
  31  2:58  Drone  
  31  3:01  Drone  
  33  3:10  Overlord  
  33  3:11  Drone  
  32  3:14  Drone  
  32  3:15  Drone  
  32  3:18  Drone  
  34  3:21  Drone  
  34  3:22  Drone  
  36  3:28  Drone  
  36  3:29  Drone  
  36  3:31  Drone  
  39  3:40  Roach Warren  
  38  3:45  Drone x2  
  38  3:48  Drone x2  
  42  3:53  Lair  
  42  3:56  Extractor  
  42  3:57  Extractor  
  42  3:59  Overlord  
  42  4:02  Drone  
  41  4:05  Overlord  
  41  4:07  Drone  
  42  4:11  Spine Crawler  
  41  4:18  Drone  
  41  4:19  Drone x2  
  41  4:23  Roach x2  
  48  4:27  Roach x2  
  52  4:31  Roach  
  52  4:34  Roach  
  52  4:37  Roach  
  58  4:41  Overlord  
  58  4:51  Glial Reconstitution  
  58  4:52  Overseer  
  58  4:59  Spore Crawler  
  57  5:00  Drone x5  
  57  5:03  Overseer  
  57  5:04  Drone  
  57  5:06  Drone  
  63  5:07  Drone  
  62  5:16  Queen  
  64  5:22  Drone  
  64  5:24  Drone  
  64  5:26  Queen  
  66  5:29  Overlord  
  66  5:32  Overlord  
  65  5:41  Drone  
  65  5:42  Overlord x2  
  66  5:49  Drone x4  
  67  5:51  Drone  
  67  5:53  Drone  
  67  5:55  Drone  
  68  5:57  Drone  
  68  5:58  Drone  
  68  5:59  Overseer  
  68  6:04  Drone x2  
  72  6:06  Drone x2  
  72  6:08  Drone  
  72  6:09  Drone  
  75  6:11  Drone x2  
  75  6:12  Overseer  
  75  6:15  Drone  
  78  6:20  Roach x2  
  76  6:34  Queen  
  76  6:35  Roach x3  
  76  6:36  Drone x5  
  76  6:39  Drone  
  85  6:42  Queen  
  87  6:48  Drone  
  87  6:50  Drone x4  
  87  6:52  Drone  
  93  6:55  Extractor  
  93  6:57  Extractor  
  93  6:59  Drone  
  92  7:01  Evolution Chamber  
  92  7:03  Drone  
  92  7:04  Hydralisk Den, Drone  
  92  7:06  Extractor  
  91  7:10  Overlord  
  91  7:11  Overlord  
  91  7:13  Overlord  
  91  7:27  Zerg Missile Weapons Level 1  
  91  7:29  Overseer  
  91  7:31  Drone x4  
  91  7:35  Grooved Spines, Hydralisk x4  
  103  7:39  Drone  
  103  7:41  Lurker Den, Hatchery  
  103  7:44  Drone x2  
  104  7:47  Hydralisk x3  
  110  7:52  Hydralisk  
  110  7:53  Hydralisk  
  110  7:55  Overlord  
  114  7:58  Overlord  
  114  7:59  Overlord  
  114  8:12  Overlord  
  114  8:15  Hydralisk x2  
  114  8:16  Hydralisk x2  
  114  8:18  Drone  
  123  8:20  Overseer, Drone x3, Infestation Pit  
  123  8:21  Drone x3  
  123  8:22  Drone  
  123  8:23  Drone  
  130  8:27  Drone  
  130  8:29  Drone  
  130  8:32  Drone x2  
  134  8:34  Drone  
  134  8:37  Drone  
  136  8:42  Lurker x4  
  136  8:43  Lurker x4  
  136  8:47  Drone x2  
  146  8:56  Overlord x2  
  146  8:59  Extractor, Drone x2  
  147  9:03  Spine Crawler, Extractor  
  147  9:04  Spine Crawler  
  144  9:12  Hydralisk x5  
  142  9:17  Roach  
  142  9:18  Roach x4  

Tags
 
Add a new tag
Caveats
  • Supply blocks, unpowered buildings, or Contaminate may cause inaccurate times.
  • Supply counts are checked every 10 seconds.